 Dungeon Crawl Stone Soup version 0.31-a0-844-gdc52ec4e09 (webtiles) character file.

Game seed: 7937339268278250571

67832 gelatine the Thaumaturge (level 14, -4/113 HPs)
             Began as a Demonspawn Fire Elementalist on Sept 29, 2023.
             Was a High Priest of Vehumet.
             Slain by a catoblepas (58 damage)
             ... on level 5 of the Lair of Beasts.
             The game lasted 01:24:47 (24966 turns).

gelatine the Thaumaturge (DsFE)                    Turns: 24966, Time: 01:24:48

Health: -4/113     AC: 24    Str: 14    XL:     14   Next: 84%
Magic:  34/38      EV:  2    Int: 24    God:    Vehumet [*****.]
Gold:   868        SH:  0    Dex: 13    Spells: 3/35 levels left

rFire   + . .        v - +5 quarterstaff (chaos)
rCold   x . .        (shield currently unavailable)
rNeg    . . .        O - +0 troll leather armour
rPois   .            P - +2 helmet {Int+3}
rElec   .            l - +2 cloak
rCorr   +            I - +2 pair of gloves "Osaplath" {Fly Regen+ rCorr}
SInv    .            C - +2 pair of boots
Will    +....        E - amulet of Qiofom {Regen+ Str+4}
Stlth   ++           H - ring of magical power
HPRegen 2.78/turn    Q - ring of fire
MPRegen 0.26/turn

%: no passive effects
@: sleeping, flying, studying Transmutations
A: thin metallic scales 2, demonic guardian 1, icemail 1, condensation shield,
demonic touch 2
a: Renounce Religion


You were on level 5 of the Lair of Beasts.
You worshipped Vehumet.
Vehumet was extremely pleased with you.
You visited 4 branches of the dungeon, and saw 20 of its levels.
You also visited: Sewer.

You collected 1861 gold pieces.
You spent 993 gold pieces at shops.

Inventory:

Hand Weapons
 v - a +5 quarterstaff of chaos (weapon)
Armour
 a - the +9 scales of the Dragon King {rPois rF+ rC+ Will+}
   (You found it on level 7 of the Dungeon)

   rF+:       It protects you from fire.
   rC+:       It protects you from cold.
   rPois:     It protects you from poison Will+: It increases your willpower.
 l - a +2 cloak (worn)
 C - a +2 pair of boots (worn)
 I - the +2 pair of gloves "Osaplath" (worn) {Fly Regen+ rCorr}
   (You found it on level 8 of the Dungeon)

   Fly:       It grants you flight.
   Regen+:    It increases your rate of health regeneration.
   rCorr:     It protects you from acid and corrosion.
 O - a +0 troll leather armour (worn)
 P - a +2 helmet of intelligence (worn)
 X - a +2 robe of fire resistance
Magical Staves
 h - a staff of fire
Jewellery
 e - a ring of protection from fire
 k - a ring of flight
 E - the amulet of Qiofom (around neck) {Regen+ Str+4}
   (You found it on level 7 of the Dungeon)

   [amulet of regeneration]

   Str+4:     It affects your strength (+4).
   Regen+:    It increases your rate of health regeneration.
 F - a ring of ice
 H - a ring of magical power (left hand)
 Q - a ring of fire (right hand)
 R - a ring of resist corrosion
 S - a ring of positive energy
Talismans
 d - a beast talisman
Wands
 w - a wand of roots (11)
 M - a wand of mindburst (4)
 T - a wand of flame (12)
 U - a wand of polymorph (14)
Scrolls
 f - 4 scrolls of revelation
 g - 7 scrolls of blinking
 j - 4 scrolls of poison
 m - 7 scrolls of teleportation
 o - a scroll of fear
 p - 4 scrolls of immolation
 q - 2 scrolls of enchant weapon
 r - a scroll of summoning
 u - 3 scrolls of silence
 B - 2 scrolls of amnesia
 G - 2 scrolls of enchant armour
 J - 2 scrolls of brand weapon
Potions
 b - a potion of magic
 c - a potion of cancellation
 i - 5 potions of enlightenment
 s - 4 potions of lignification
 t - 2 potions of heal wounds
 x - a potion of mutation
 z - a potion of invisibility
 A - 2 potions of ambrosia
 D - 2 potions of might
 L - a potion of berserk rage
 N - a potion of brilliance
 V - a potion of resistance
 W - 3 potions of curing
 Y - a potion of attraction {unknown}
 Z - a potion of haste {unknown}


   Skills:
 * Level 11.1 Fighting
 + Level 1.0 Short Blades
 + Level 5.7 Staves
 + Level 6.4 Armour
 + Level 5.9 Dodging
 + Level 3.5 Stealth
 * Level 9.3 Shields
 + Level 11.4 Spellcasting
 + Level 8.1 Conjurations
 + Level 0.7 Translocations
 + Level 0.3 Transmutations
 + Level 11.1 Fire Magic
 + Level 2.3 Poison Magic
 + Level 3.0 Evocations


You had 3 spell levels left.
You knew the following spells:

 Your Spells              Type           Power      Damage    Failure   Level
a - Foxfire               Conj/Fire      100%       2x1d9     1%          1
b - Scorch                Fire           100%       2d9       1%          2
c - Volatile Blastmotes   Fire/Tloc      100%       2d18      1%          3
d - Inner Flame           Hex/Fire       57%        N/A       1%          3
e - Flame Wave            Conj/Fire      74%        2d16      1%          4
f - Static Discharge      Conj/Air       66%        2-5/arc   1%          2
g - Iskenderun's Mystic   Conj/Tloc      35%        2d8       2%          4
h - Starburst             Conj/Fire      37%        6d11      4%          6
i - Olgreb's Toxic Radia  Pois           25%        N/A       6%          4
j - Ignite Poison         Fire/Tmut/Pois 52%        N/A       1%          3

Your spell library contained the following spells:

 Spells                   Type           Power      Damage    Failure   Level
 Eringya's Noxious Bog    Tmut/Pois      10%        4d6       73%         6
 Magic Dart               Conj           100%       1d8       1%          1
 Sandblast                Erth           26%        2d8       1%          1
 Momentum Strike          Conj/Tloc      70%        3d9       1%          2
 Searing Ray              Conj           100%       2d8       1%          2
 Stone Arrow              Conj/Erth      66%        3d11      1%          3
 Slow                     Hex            52%        N/A       5%          1
 Blink                    Tloc           34%        N/A       6%          2
 Cigotuvi's Dreadful Rot  Necr/Pois/Air  34%        N/A       6%          2
 Lesser Beckoning         Tloc           34%        N/A       6%          2
 Passwall                 Tmut/Erth      11%        N/A       8%          2
 Confusing Touch          Hex            13%        N/A       17%         3
 Sigil of Binding         Hex            13%        N/A       17%         3
 Vampiric Draining        Necr           13%        2d6       17%         3
 Fireball                 Conj/Fire      37%        3d15      1%          5
 Iskenderun's Battlesphe  Conj           51%        2d10      1%          5
 Brom's Barrelling Bould  Conj/Erth      33%        2d5       3%          4
 Fulminant Prism          Conj/Hex       16%        3d10      3%          4
 Freezing Cloud           Conj/Ice/Air   13%        6-21      13%         5
 Plasma Beam              Fire/Air       28%        2x1d41    22%         6
 Conjure Ball Lightning   Conj/Air       16%        3x3d6     36%         6
 Manifold Assault         Tloc           17%        N/A       38%         4
 Passage of Golubria      Tloc           17%        N/A       38%         4
 Orb of Destruction       Conj           25%        9d9       38%         7
 Silence                  Hex/Air        6%         N/A       83%         5
 Dispersal                Tloc           8%         N/A       99%         6
 Disjunction              Tloc           8%         N/A       100%        8
 Lehudib's Crystal Spear  Conj/Erth      16%        10d5      100%        8


Dungeon Overview and Level Annotations

Branches:
Dungeon (12/15)            Temple (1/1) D:5            Lair (5/5) D:11
 Shoals (0/4) Lair:2        Snake (0/4) Lair:3        Slime (0/5) Lair:5
    Orc (2/2) D:9             Elf (0/3) Orc:2         Sewer (visited)

Altars:
Ashenzari
Cheibriados
Dithmenos
Fedhas
Gozag
Hepliaklqana
Kikubaaqudgha
Makhleb
Nemelex Xobeh
Okawaru
Qazlal
Ru
Sif Muna
Trog
Uskayaw
Vehumet
Wu Jian
Xom
Yredelemnul
Jiyva

Shops:
D:11 :   Orc:1 (   Orc:2 ?(:

Annotations:
Orc:1 2 transporters


Innate Abilities, Weirdness & Mutations

You are mostly covered in thin metallic scales. (AC +3)
A weak demonic guardian rushes to your aid.
A meltable icy envelope protects you from harm. (AC +4)
A meltable shield of frost defends you. (SH +4)
Your touch may inflict irresistible damage on your foes.


Message History

The dream sheep bites you.
A dream sheep comes into view.
The dream sheep bites you but does no damage.
The dream sheep shake their wool and sparkle.
You feel drowsy...
You fall asleep.
A dream sheep comes into view.
The catoblepas gores you!!!
You wake up.
Ouch! That really hurt!
A demonic guardian appears!
The dream sheep bleats!
You hear a bleat! x2; You hear a croak.
You hit the catoblepas but do no damage.
Space warps around the catoblepas.
The catoblepas is heavily wounded.
A dream sheep comes into view. x2
You block the dream sheep's attack.
The catoblepas breathes a plume of calcifying dust at you.
The blast of calcifying dust hits you but does no damage.
Your hellwing hits the dream sheep!
Your hellwing closely misses the dream sheep.
You block the dream sheep's attack.
The catoblepas breathes a plume of calcifying dust at you.
The blast of calcifying dust hits you but does no damage.
Your hellwing hits the dream sheep. x2
The catoblepas gores you!
Casting: Starburst (dangerous; 4% risk of failure)
Confirm with . or Enter, or press ? or * to list all spells.
Casting: Starburst (dangerous; 4% risk of failure)
Press: ? - help, Dir - look around, f - activate You feel a surge of power!
The bolt of fire hits the catoblepas!!
The catoblepas resists.
The catoblepas is severely wounded.
The bolt of fire hits the dream sheep!!!
You kill the dream sheep!
Vehumet accepts your kill. x2
You feel your power returning.
You feel a bit more experienced.
The dream sheep are wreathed in dream dust.
You feel drowsy...
You fall asleep.
The catoblepas gores you!!!
Ouch! That really hurt!
You die...

.#### . . . #### ##
####.(### .. #.......###
.. ##..##...§### .#.# .#
#...##..§.§#...#
##...##..##...##@§§4.Y#...
#....#....#.†..##YY....#..
....##....##....##........
....#......#..†..##..Y.Y..
...##......##....##.......
...#.....P..#........†Y...
...#........#....†........
.....## #..............#..
......####..#.............


You could see a catoblepas (resistant, very poisoned) and 4 dream sheep.

Vanquished Creatures
  Kirke (Lair:4)
  The ghost of miscthings the Capitalist, a journeyman GnWn of Gozag (D:11)
  A minotaur (D:11)
  3 hydras
  2 catoblepae
  4 two-headed ogres
  2 boulder beetles
  7 death yaks
  3 orc high priests (Orc:2)
  Sonja (Orc:2)
  3 skysharks
  2 orange crystal statues (D:7)
  A lindwurm (Lair:5)
  An orc knight (Orc:1)
  An orc sorcerer (Orc:2)
  An oklob plant (Lair:1)
  A wolf spider (Lair:5)
  A salamander (Lair:3)
  16 elephants
  A guardian serpent (Lair:5)
  10 black mambas
  A merfolk siren (Lair:2)
  A torpor snail (Lair:2)
  18 cane toads
  An unseen horror (D:10)
  3 rime drakes
  11 komodo dragons
  3 trolls
  2 polar bears
  A merfolk (shapeshifter) (Lair:5)
  3 hornets
  29 blink frogs
  2 dream sheep (Lair:5)
  A slime creature (D:12)
  3 shadows
  A wraith (D:11)
  15 wyverns
  3 hogs (Lair:4)
  30 yaks
  A basilisk (Lair:3)
  Grum (Lair:1)
  A steam dragon (D:8)
  3 vampire mosquitoes (D:11)
  11 wargs
  2 nagas (Lair:3)
  An acid dragon (D:11)
  23 water moccasins
  13 orc warriors
  An ice beast (D:8)
  28 wolves
  2 centaurs
  5 ogres
  A phantom (D:5)
  14 bullfrogs
  Blork the orc (D:4)
  2 kobold brigands (D:8)
  A scorpion (D:4)
  A gnoll sergeant (Orc:1)
  15 wights
  8 killer bees
  10 electric eels
  A crimson imp (D:7)
  3 hounds
  35 orc priests
  Crazy Yiuf (D:7)
  A sleepcap (D:4)
  Jessica (D:3)
  An iguana (D:4)
  10 orc wizards
  14 gnolls
  6 river rats
  10 adders
  3 white imps
  An ufetubus (D:4)
  3 worms
  A dart slug (D:1)
  57 orcs
  11 endoplasms
  7 giant cockroaches
  10 goblins
  6 hobgoblins (D:1)
  8 jackals
  3 quokkas
  10 ball pythons
  10 bats
  2 frilled lizards (D:3)
  22 kobolds
  7 rats
580 creatures vanquished.

Vanquished Creatures (collateral kills)
  An orc sorcerer (Orc:1)
  A black mamba (Lair:5)
  A blink frog (Lair:4)
  An ogre (Orc:1)
  An orc priest (Orc:2)
  2 adders
  A river rat (Sewer)
  3 orcs (Orc:2)
  17 foxfires
28 creatures vanquished.

Vanquished Creatures (others)
  An orc (Orc:1)
  1782 foxfires
1783 creatures vanquished.

Grand Total: 2391 creatures vanquished

Notes
Turn   | Place    | Note
-------+----------+-------------------------------------------
     0 | D:1      | gelatine the Demonspawn Fire Elementalist began the quest
                  | for the Orb.
     0 | D:1      | Reached XP level 1. HP: 13/13 MP: 3/3
   181 | D:1      | Gained mutation: A meltable shield of frost defends you.
                  | (SH +4) [demonic ancestry]
   181 | D:1      | Reached XP level 2. HP: 19/19 MP: 0/5
   605 | D:1      | Learned a level 2 spell: Scorch
  1217 | D:1      | Gained mutation: A weak demonic guardian rushes to your
                  | aid. [demonic ancestry]
  1217 | D:1      | Reached XP level 3. HP: 24/24 MP: 2/6
  2474 | D:3      | Reached XP level 4. HP: 29/30 MP: 4/7
  2474 | D:3      | Found a glowing drain.
  2602 | Sewer    | Entered a sewer
  3162 | Sewer    | Reached XP level 5. HP: 36/36 MP: 3/9
  4019 | D:3      | Reached skill level 1 in Fighting
  4266 | D:3      | Noticed Jessica
  4273 | D:3      | Killed Jessica
  4743 | D:3      | Gained mutation: You are partially covered in thin metallic
                  | scales. (AC +2) [demonic ancestry]
  4743 | D:3      | Reached XP level 6. HP: 43/43 MP: 8/11
  4958 | D:4      | Identified the +0 scale mail of Twilight {rF- rN+++ Stlth+}
  5365 | D:4      | Reached skill level 1 in Shields
  5515 | D:4      | Gained mutation: A meltable icy envelope protects you from
                  | harm. (AC +4) [demonic ancestry]
  5515 | D:4      | Reached XP level 7. HP: 37/49 MP: 0/13
  6270 | D:4      | Noticed Blork the orc
  6275 | D:4      | Killed Blork the orc
  6378 | D:4      | Reached skill level 1 in Short Blades
  6479 | D:5      | Entered Level 5 of the Dungeon
  6977 | D:5      | Reached skill level 5 in Fire Magic
  6977 | D:5      | Reached XP level 8. HP: 58/58 MP: 8/15
  7275 | D:5      | Found a staircase to the Ecumenical Temple.
  7284 | Temple   | Entered the Ecumenical Temple
  7315 | Temple   | Became a worshipper of Vehumet
  7968 | D:6      | Reached skill level 5 in Spellcasting
  8889 | D:7      | Identified the amulet of Qiofom {Regen+ Str+4}
  9126 | D:7      | Reached skill level 1 in Evocations
  9507 | D:7      | Found a runed translucent door.
  9508 | D:7      | Noticed Crazy Yiuf
  9515 | D:7      | Killed Crazy Yiuf
  9957 | D:7      | Noticed an orange crystal statue
  9957 | D:7      | Found the +9 scales of the Dragon King {rPois rF+ rC+
                  | Will+}
 10037 | D:8      | Gained mutation: You are mostly covered in thin metallic
                  | scales. (AC +3) [demonic ancestry]
 10037 | D:8      | Reached XP level 9. HP: 62/65 MP: 1/17
 10183 | D:8      | Learned a level 3 spell: Volatile Blastmotes
 10187 | D:8      | Learned a level 3 spell: Inner Flame
 10192 | D:8      | Learned a level 4 spell: Flame Wave
 10357 | D:8      | Reached * piety under Vehumet
 10357 | D:8      | Offered knowledge of Kiss of Death by Vehumet.
 10358 | D:8      | Reached skill level 1 in Staves
 10628 | D:8      | Found a shimmering altar of Xom.
 10924 | D:8      | Identified the +2 pair of gloves "Osaplath" {Fly Regen+
                  | rCorr}
 11500 | D:9      | Found a burning altar of Makhleb.
 11500 | D:9      | Found an iron altar of Okawaru.
 11500 | D:9      | Found a basalt altar of Yredelemnul.
 11500 | D:9      | Found a shadowy altar of Dithmenos.
 11500 | D:9      | Found a sacrificial altar of Ru.
 11510 | D:9      | Found an ornate altar of the Wu Jian Council.
 11563 | D:9      | Reached skill level 5 in Fighting
 11765 | D:9      | Paralysed by a hornet for 2 turns
 11771 | D:9      | Reached XP level 10. HP: 31/74 MP: 14/19
 11771 | D:9      | Offered knowledge of Poisonous Vapours by Vehumet.
 11772 | D:9      | Reached ** piety under Vehumet
 12086 | D:9      | Found a staircase to the Orcish Mines.
 12360 | D:9      | Found a sparkling altar of Nemelex Xobeh.
 12765 | D:10     | Entered Level 10 of the Dungeon
 12912 | D:10     | Reached skill level 5 in Shields
 13145 | D:10     | Noticed a two-headed ogre
 13154 | D:10     | Killed a two-headed ogre
 13672 | D:11     | Found a runed translucent gate.
 13672 | D:11     | Found a runed translucent gate.
 13694 | D:11     | Found a runed translucent gate.
 13697 | D:11     | Noticed a two-headed ogre
 13732 | D:11     | Reached skill level 5 in Conjurations
 13908 | D:11     | Found a staircase to the Lair.
 13935 | D:11     | Noticed miscthings's ghost (journeyman GnWn)
 13936 | D:11     | Noticed a minotaur
 13941 | D:11     | Noticed a two-headed ogre
 13980 | D:11     | Found Emizyn's Book Emporium.
 14047 | D:11     | Reached XP level 11. HP: 83/83 MP: 22/22
 14497 | Lair:1   | Entered Level 1 of the Lair of Beasts
 14535 | Lair:1   | Noticed an oklob plant
 14547 | Lair:1   | Killed an oklob plant
 14548 | Lair:1   | Reached skill level 1 in Armour
 14596 | Lair:1   | Noticed a boulder beetle
 14622 | Lair:1   | Killed a boulder beetle
 14647 | Lair:1   | Offered knowledge of Static Discharge by Vehumet.
 14754 | Lair:1   | Learned a level 2 spell: Static Discharge
 14950 | Lair:1   | Reached *** piety under Vehumet
 14976 | Lair:1   | Noticed Grum
 14993 | Lair:1   | Killed Grum
 15452 | Lair:1   | Offered knowledge of Frozen Ramparts by Vehumet.
 15922 | Lair:2   | Noticed a death yak
 15926 | Lair:2   | Reached XP level 12. HP: 69/92 MP: 23/25
 16096 | Orc:1    | Entered Level 1 of the Orcish Mines
 16096 | Orc:1    | Noticed a two-headed ogre
 16103 | Orc:1    | Killed a two-headed ogre
 16346 | Orc:1    | Found a transporter.
 16357 | Orc:1    | Noticed a two-headed ogre
 16365 | Orc:1    | Noticed an orc high priest
 16371 | Orc:1    | Noticed a two-headed ogre
 16372 | Orc:1    | Found a transporter.
 16379 | Orc:1    | Noticed an orc warlord
 16466 | Orc:1    | Found Midubb's Weapon Shop.
 16636 | Orc:1    | Reached **** piety under Vehumet
 16907 | Orc:2    | Entered Level 2 of the Orcish Mines
 16982 | Orc:2    | Noticed Sonja
 16988 | Orc:2    | Killed Sonja
 17176 | Orc:2    | Found a staircase to the Elven Halls.
 17244 | Orc:2    | Offered knowledge of Iskenderun's Mystic Blast by Vehumet.
 17311 | Orc:2    | Learned a level 4 spell: Iskenderun's Mystic Blast
 17523 | Orc:2    | Noticed an orc high priest
 17536 | Orc:2    | Killed an orc high priest
 17549 | Orc:2    | Noticed an orc high priest
 17575 | Orc:2    | Killed an orc high priest
 17668 | Orc:2    | Found Ugocaf's Book Boutique.
 17668 | Orc:2    | Found Siuthroof's Magic Scroll Emporium.
 17708 | Orc:2    | Bought a book of Fire for 480 gold pieces
 17715 | Orc:2    | Learned a level 6 spell: Starburst
 17724 | Orc:2    | Bought a scroll of identify for 30 gold pieces
 17724 | Orc:2    | Bought a scroll of identify for 30 gold pieces
 17724 | Orc:2    | Bought a scroll of identify for 30 gold pieces
 17724 | Orc:2    | Bought a scroll of revelation for 112 gold pieces
 17724 | Orc:2    | Bought a scroll of identify for 30 gold pieces
 17728 | Orc:2    | Bought a scroll of fear for 60 gold pieces
 17728 | Orc:2    | Bought a scroll of blinking for 112 gold pieces
 17728 | Orc:2    | Bought a scroll of teleportation for 45 gold pieces
 17772 | Orc:2    | Noticed an orc high priest
 17776 | Orc:2    | Reached ***** piety under Vehumet
 17980 | Orc:2    | Offered knowledge of Olgreb's Toxic Radiance by Vehumet.
 17986 | Orc:2    | Learned a level 4 spell: Olgreb's Toxic Radiance
 18285 | Orc:2    | Found Dutacy's Antique Weapon Emporium.
 18285 | Orc:2    | Found Firirilu's Magic Scroll Boutique.
 18303 | Orc:2    | Bought a scroll of identify for 32 gold pieces
 18303 | Orc:2    | Bought a scroll of identify for 32 gold pieces
 18332 | Orc:2    | Killed an orc high priest
 18500 | D:11     | Killed a two-headed ogre
 18505 | D:11     | Killed a two-headed ogre
 18506 | D:11     | Reached skill level 1 in Poison Magic
 18585 | D:11     | Killed a minotaur
 18597 | D:11     | Killed miscthings's ghost
 18598 | D:11     | Reached skill level 10 in Spellcasting
 19145 | D:7      | Gained mutation: Your touch may inflict minor irresistible
                  | damage on your foes. [demonic ancestry]
 19145 | D:7      | Reached XP level 13. HP: 50/100 MP: 5/27
 19178 | D:7      | Identified the +0 ring mail "Asuxkosk" {*Slow Int+3 Dex+2}
 19980 | Lair:2   | Reached skill level 10 in Fire Magic
 20227 | Lair:2   | Reached skill level 5 in Armour
 20383 | Lair:2   | Found a staircase to the Shoals.
 20945 | Lair:3   | Reached skill level 5 in Staves
 21187 | Lair:3   | Offered knowledge of Airstrike by Vehumet.
 21413 | Lair:3   | Reached skill level 5 in Dodging
 22220 | Lair:3   | Found a staircase to the Snake Pit.
 22648 | Lair:4   | Noticed Kirke
 22689 | Lair:4   | Killed Kirke
 22690 | Lair:4   | Reached skill level 10 in Fighting
 23064 | Lair:4   | Gained mutation: Your touch may inflict irresistible damage
                  | on your foes. [demonic ancestry]
 23064 | Lair:4   | Reached XP level 14. HP: 77/110 MP: 12/28
 23464 | Lair:4   | Learned a level 3 spell: Ignite Poison
 23891 | Lair:5   | Entered Level 5 of the Lair of Beasts
 24275 | Lair:5   | Offered knowledge of Eringya's Noxious Bog by Vehumet.
 24513 | Lair:5   | Found a staircase to the Slime Pits.
 24516 | Lair:5   | Found a viscous altar of Jiyva.
 24966 | Lair:5   | Slain by a catoblepas

Illustrated notes

Levels and vault maps discovered:
D:1:      erik_arrival_blinker_ship, layout_loops_ring
D:2:      layout_loops_cross
D:3:      layout_loops_cross, portal_sewer_entry_d, minmay_misc_feat_five,
          uniq_jessica
D:4:      layout_gridville, minmay_strange_pillars, uniq_blork_the_orc
D:5:      layout_basic, minmay_temple_entry_glass
D:6:      layout_basic
D:7:      statuecave_lemuel, layout_basic, serial_curves, eino_curves_01,
          eino_curves_03, st_stairs_8, minmay_fire_ice_demons,
          uniq_crazy_yiuf_cottage
D:8:      layout_rooms, tgw_xom, nicolae_two_hexagons
D:9:      layout_loops_ring, mainiacjoe_overflow_alcove_1,
          grunt_temple_overflow_open, david_orc_3, serial_bayou,
          serial_bayou_shore_a, serial_bayou_pond_a, serial_bayou_ford_a,
          serial_bayou_pond_a, nicolae_concentric_dashed_squares_mild
D:10:     layout_loops_ring
D:11:     layout_cave_pools, david_lair_shrubbed,
          maelrawn_ghost_gauntlet_escape, serial_shops,
          nicolae_shop_getting_attention
D:12:     layout_grid_maze, uniq_psyche
Temple:   nicolae_temple_god_jail
Lair:1:   layout_chaotic_city, beast_lair_carwin_8, grunt_megastairs_1,
          uniq_grum
Lair:2:   layout_misc_corridors, minmay_shoals_entry_lonely_mermaid, pond
Lair:3:   layout_layer_cave, alex1729_snake_entry_snake
Lair:4:   cheibrodos_lair_river_kwai, layout_gridlike, uniq_kirke
Lair:5:   hangedman_lair_tendril_chambers, layout_misc_corridors,
          hangedman_lair_caniforms_friends, slime_entry_1, minivault_25
Orc:1:    gammafunk_beogh_shrine, layout_caves, serial_shops,
          nicolae_shop_back_alley_shop
Orc:2:    st_orc_town, layout_caves, uniq_sonja

Skill      XL: |  1  2  3  4  5  6  7  8  9 10 11 12 13 14 |
---------------+-------------------------------------------+-----
Fire Magic     | 3 4 5 6 7 8 9 10 11 | 11.1
Stealth        | 2 3 |  3.5
Dodging        | 2 3 4 5 |  5.9
Spellcasting   | 3 4 5 6 7 9 10 11 | 11.4
Fighting       | 1 3 4 5 6 7 8 10 11 | 11.1
Conjurations   | 2 3 4 5 6 7 8 |  8.1
Shields        | 1 2 3 4 5 6 7 8 9 |  9.3
Short Blades   | 1 |  1.0
Evocations     | 2 3 |  3.0
Staves         | 1 2 3 4 5 |  5.7
Armour         | 3 4 5 6 |  6.4
Poison Magic   | 1 2 |  2.3
Translocations | |  0.7
Transmutations | |  0.3

Action                     |  1- 3 |  4- 6 |  7- 9 | 10-12 | 13-15 || total
---------------------------+-------+-------+-------+-------+-------++-------
  Melee: Short sword       |    21 |    23 |       |       |       ||    44
         Punch             |     1 |     1 |       |       |     2 ||     4
         Dagger            |       |    10 |    22 |       |       ||    32
         Quarterstaff      |       |       |    22 |   349 |   207 ||   578
         Staff             |       |       |       |       |    21 ||    21
   Cast: Foxfire           |    87 |   171 |   229 |   369 |   198 ||  1054
         Scorch            |    10 |     9 |    62 |   103 |    33 ||   217
         Flame Wave        |       |       |     5 |    24 |     9 ||    38
         Volatile Blastmot |       |       |     2 |     5 |       ||     7
         Static Discharge  |       |       |       |     7 |     1 ||     8
         Iskenderun's Myst |       |       |       |    14 |     6 ||    20
         Starburst         |       |       |       |     6 |    87 ||    93
         Olgreb's Toxic Ra |       |       |       |     6 |    10 ||    16
         Ignite Poison     |       |       |       |       |     3 ||     3
  Evoke: Wand              |       |       |       |     6 |       ||     6
    Use: Scroll            |     2 |     2 |     7 |    15 |     5 ||    31
         Potion            |     1 |     3 |     1 |     7 |       ||    12
   Stab: Distracted        |       |       |       |     1 |     1 ||     2
 Armour: Robe              |    16 |    38 |    84 |   380 |     8 ||   526
         Troll leather arm |       |       |       |   159 |   372 ||   531
  Dodge: Dodged            |    13 |    45 |    53 |   401 |   238 ||   750
  Block: Other             |     6 |    12 |    20 |    76 |    73 ||   187

Table legend: (Time is in decaauts)
 A = Elapsed time spent in this place.
 B = Non-inter-level travel time spent in this place.
 C = Inter-level travel time spent in this place.
 D = Time resting spent in this place.
 E = Time spent auto-exploring this place.
 F = Levels seen in this place.
 G = Mean time per level.
                   A        B        C        D        E       F      G
               +--------+--------+--------+--------+--------+-----+--------+
         Total |  25301 |  24197 |   1104 |    112 |  19731 |  21 | 1204.8 |
       Dungeon |  14184 |  13392 |    792 |    112 |  11139 |  12 | 1182.0 |
        Temple |     45 |     21 |     24 |      0 |      0 |   1 |   45.0 |
          Lair |   7175 |   6999 |    176 |      0 |   5648 |   5 | 1435.0 |
  Orcish Mines |   2333 |   2222 |    111 |      0 |   1656 |   2 | 1166.5 |
         Sewer |   1562 |   1562 |      0 |      0 |   1287 |   1 | 1562.0 |
               +--------+--------+--------+--------+--------+-----+--------+

Top non-repeatable levels by time:
     D:7: 2082 daAuts
  Lair:3: 1871 daAuts
     D:4: 1724 daAuts
   Sewer: 1562 daAuts
  Lair:1: 1540 daAuts
     D:8: 1516 daAuts
   Orc:2: 1512 daAuts
  Lair:4: 1390 daAuts
     D:9: 1336 daAuts
  Lair:2: 1296 daAuts
     D:1: 1274 daAuts
     D:3: 1254 daAuts
    D:11: 1167 daAuts
  Lair:5: 1077 daAuts
     D:2: 1025 daAuts
